 Dungeon Crawl Stone Soup version 0.31.0-32-g396128a36d (webtiles) character file.

Game seed: 13479099480757107488

97 TacoSundae the Ruffian (level 4, -6/21 HPs)
             Began as a Vine Stalker Shapeshifter on Apr 11, 2024.
             Killed by divine providence
             ... invoked by an orc priest
              (11 damage)
             ... on level 3 of the Dungeon.
             The game lasted 00:02:33 (1530 turns).

TacoSundae the Ruffian (Vine Stalker Shapeshifter)  Turns: 1530, Time: 00:02:33

Health: -6/21      AC:  3    Str: 19    XL:     4   Next: 68%
Magic:  0/5        EV: 11    Int: 10    God:
Gold:   151        SH:  0    Dex: 13    Spells: 3/3 levels left

rFire   . . .        e - +2 dagger (venom)
rCold   . . .        (no shield)
rNeg    . . .        f - +0 leather armour
rPois   .            (helmet currently unavailable)
rElec   .            (cloak currently unavailable)
rCorr   .            (gloves currently unavailable)
SInv    .            (boots currently unavailable)
Will    .....        (no amulet)
Stlth   +            (no ring)
HPRegen 1.03/turn    (no ring)
MPRegen 0.09/turn

%: guardian spirit
@: beast-form
A: beast (slay +2), fangs 2, regeneration 1, magic shield, antimagic bite, no
potion heal 2
a: Begin Untransformation


You were on level 3 of the Dungeon.
You were a hulking beast.
You visited 1 branch of the dungeon, and saw 3 of its levels.

You collected 151 gold pieces.

Inventory:

Hand Weapons
 e - a +2 dagger of venom (weapon)
Armour
 f - a +0 leather armour (worn)
 i - a +0 helmet
Talismans
 c - a beast talisman
 d - a flux talisman
Scrolls
 g - 5 scrolls of identify {unknown}
 h - 2 scrolls of brand weapon {unknown}
 l - a scroll of fear {unknown}
 n - a scroll of summoning {unknown}
 o - a scroll of teleportation {unknown}
Potions
 a - 2 potions of mutation {unknown}
 b - a potion of lignification
 j - a potion of enlightenment {unknown}
 k - a potion of heal wounds {unknown}
 m - a potion of might {unknown}
 p - a potion of curing {unknown}


   Skills:
 - Level 0.8 Fighting
 - Level 1.5 Dodging
 + Level 4.2 Unarmed Combat
 + Level 4.1 Shapeshifting


You had 3 spell levels left.
You didn't know any spells.
Your spell library contained the following spells:

 Spells                   Type           Power      Damage    Failure   Level
 Summon Forest            Summ/Tloc      0%         N/A       100%        5
 Summon Mana Viper        Hex/Summ       0%         N/A       100%        5
 Summon Cactus Giant      Summ           0%         N/A       100%        6


Dungeon Overview and Level Annotations

Branches:
Dungeon (3/15)

Altars:
Uskayaw

Annotations:
D:2 1 runed translucent door, Crazy Yiuf


Innate Abilities, Weirdness & Mutations

You are a hulking beast.
Your limbs bulge with bestial killing power. (Slay +2)
You have extremely sharp teeth.
Your natural rate of healing is unusually fast.
When hurt, damage is shared between your health and your magic reserves.
Your bite disrupts and absorbs the magic of your enemies.
Potions cannot restore your health.


Message History

An orc priest comes into view. It is wielding a +0 club.
An orc priest comes into view. It is wielding a +0 trident.
The orc priest shouts! x2
The orc priest looks braver for a moment.
A hobgoblin comes into view.
The hobgoblin shouts!
The orc priest invokes the aid of Beogh against you.
Beogh smites you! The orc priest barely misses you.
You hit the orc priest.
The orc priest is poisoned.
You bite the orc priest. You drain its power.
You feel invigorated.
The orc priest is heavily wounded.
The orc priest hits you but does no damage.
The orc priest hits you with a +0 club.
You hit the orc priest.
The orc priest looks as sick as possible!
Your bite misses the orc priest.
The orc priest is severely wounded.
The orc priest calls upon Beogh to heal the orc priest.
The orc priest is healed somewhat.
An orc comes into view. It is wielding a +0 dagger.
The orc priest hits you with a +0 club.
You barely miss the orc priest. Your bite misses the orc priest.
The orc priest is heavily wounded.
A ribbon worm comes into view.
The orc priest closely misses you.
The orc priest invokes the aid of Beogh against you.
Beogh smites you!
You puncture the orc priest!
You kill the orc priest!
The orc priest closely misses you.
Your Shapeshifting skill increases to level 4!
The orc priest hits you with a +0 trident!
* * * LOW HITPOINT WARNING * * *
You see here a +0 club.
You completely miss the orc priest.
You bite the orc priest, but do no damage.
The orc priest invokes the aid of Beogh against you.
Beogh smites you!
Ouch! That really hurt!
You die...

.###.#########
...wogoh.....#
############.#
#.# #.# #.#
#.# #.# #.#
#.#


You could see a ribbon worm, an orc priest, an orc and a hobgoblin.

Vanquished Creatures
  An orc priest (D:3)
  A hound (D:3)
  A dart slug (D:1)
  An orc (D:2)
  A bat (D:2)
  2 endoplasms (D:2)
  4 giant cockroaches
  A hobgoblin (D:2)
  5 jackals (D:2)
  2 kobolds (D:1)
  4 quokkas
  2 ball pythons
  4 frilled lizards
  A goblin (D:1)
  2 rats
32 creatures vanquished.

Notes
Turn   | Place    | Note
-------+----------+-------------------------------------------
     0 | D:1      | TacoSundae the Vine Stalker Shapeshifter began the quest
                  | for the Orb.
     0 | D:1      | Reached XP level 1. HP: 9/9 MP: 2/2
    70 | D:1      | You fall into a shaft and drop 1 floor!
   105 | D:2      | Reached XP level 2. HP: 14/14 MP: 3/3
   150 | D:2      | Found a hide-covered altar of Uskayaw.
   918 | D:2      | Reached XP level 3. HP: 17/17 MP: 4/4
  1180 | D:2      | Found a runed translucent door.
  1181 | D:2      | Noticed Crazy Yiuf
  1464 | D:3      | Reached XP level 4. HP: 20/21 MP: 3/5
  1530 | D:3      | Killed from afar by an orc priest

Illustrated notes

Levels and vault maps discovered:
D:1:      psy_arrival_terrarium, layout_rooms, serial_bayou,
          serial_bayou_pond_d, serial_bayou_shore_a, serial_bayou_lagoon_b,
          serial_bayou_shore_b, serial_bayou_pond_c
D:2:      layout_loops_ring, basic_altar, chequers_serial_rivers_room_a,
          uniq_crazy_yiuf_cottage
D:3:      layout_loops_ring

Skill      XL: |  1  2  3  4 |
---------------+-------------+-----
Unarmed Combat | 4 |  4.2
Shapeshifting  | 4 |  4.1
Fighting       | |  0.8
Dodging        | |  1.5

Action                     |  1- 3 |  4- 6 || total
---------------------------+-------+-------++-------
  Melee: Unarmed           |     6 |       ||     6
         Dagger            |    47 |     8 ||    55
         Bite              |    18 |     3 ||    21
         Punch             |     2 |       ||     2
   Stab: Sleeping          |     2 |       ||     2
 Armour: Leather armour    |    17 |     4 ||    21
         Animal skin       |     1 |       ||     1
  Dodge: Dodged            |    32 |     5 ||    37
